 Dungeon Crawl Stone Soup version 0.18.1-48-g4cf74bf (webtiles) character file.

109 Gargoyl the Skirmisher (level 4, -1/37 HPs)
             Began as a Demonspawn Abyssal Knight on Aug 24, 2016.
             Was a Believer of Lugonu.
             Slain by Terence
             ... wielding a +5 flail of protection
              (7 damage)
             ... on level 2 of the Dungeon.
             The game lasted 00:03:18 (2307 turns).

Gargoyl the Skirmisher (Demonspawn Abyssal Knight)  Turns: 2307, Time: 00:03:19

Health: -1/37      AC:  3    Str: 13    XL:     4   Next: 59%
Magic:  6/6        EV: 12    Int: 14    God:    Lugonu [**....]
Gold:   105        SH:  0    Dex: 12    Spells: 0 memorised, 3 levels left

rFire  . . .     SeeInvis .     a - +1 hand axe
rCold  . . .     Gourm    .     b - +0 leather armour
rNeg   . . .     Faith    .     (no shield)
rPois  .         Spirit   .     (no helmet)
rElec  .         Dismiss  .     (no cloak)
rCorr  .         Reflect  .     (no gloves)
SustAt .         Harm     .     (no boots)
MR     .....                    (no amulet)
Stlth  +.........               (no ring)
                                (no ring)

@: not resistant to hostile enchantments, very unstealthy
A: talons 1
a: Depart the Abyss, Bend Space, Renounce Religion


You were on level 2 of the Dungeon.
You worshipped Lugonu.
Lugonu was pleased with you.
You were hungry.

You visited 1 branch of the dungeon, and saw 2 of its levels.
You visited the Abyss 1 time.

You collected 105 gold pieces.

Inventory:

Hand Weapons
 a - a +1 hand axe (weapon)
Armour
 b - a +0 leather armour (worn)
Scrolls
 e - a scroll of identify {unknown}
 f - a scroll of remove curse {unknown}
 h - a scroll of magic mapping {unknown}
 i - a scroll of amnesia {unknown}
Comestibles
 c - a bread ration
 d - a beef jerky


   Skills:
 + Level 3.9 Fighting
 + Level 2.1 Axes
 + Level 2.7 Armour
 + Level 1.8 Dodging
 + Level 0.4 Stealth
 + Level 2.9 Invocations


You had 3 spell levels left.
You didn't know any spells.

Dungeon Overview and Level Annotations

Branches:
Dungeon (2/15)

Altars:

Annotations:
D:2 Terence


Innate Abilities, Weirdness & Mutations

You have sharp toenails.


Message History

You hit Terence but do no damage.
Terence is moderately wounded.
Terence barely misses you.
You hit Terence but do no damage. You claw Terence, but do no damage.
Terence is moderately wounded.
Terence hits you with a flail of protection!
You barely miss Terence.
Terence is moderately wounded.
Terence hits you but does no damage.
You hit Terence but do no damage. Your kick misses Terence.
Terence is moderately wounded.
Terence barely misses you.
You hit Terence but do no damage. Your kick misses Terence.
Terence is moderately wounded.
Terence zaps a wand.
The puff of flame hits you!
* * * LOW HITPOINT WARNING * * *
You hit Terence. Your kick misses Terence.
Terence is heavily wounded.
Terence hits you with a flail of protection!
You die...

#..........#
#..........###.
#......>......
#............
#..........####
#..............
#...........#
#####.###...(.##
#@.รท...........#
.......@#.#...######.#
..........#.### #.##
..##...##...# #J.#
##.. #...# ##@##
#........ #...
.......... ####
.#.........# #


You could see Terence.

Vanquished Creatures
  A vampire bat (Abyss:3)
  An adder (D:2)
  3 oozes (D:1)
  A dart slug (D:1)
  6 bats
  A giant cockroach (D:2)
  6 goblins
  9 hobgoblins (D:1)
  2 jackals (D:1)
  A ball python (D:2)
  3 giant newts (D:1)
  5 kobolds (D:1)
  6 rats
45 creatures vanquished.

Vanquished Creatures (others)
  A jackal (D:2)
1 creature vanquished.

Grand Total: 46 creatures vanquished

Notes
Turn   | Place    | Note
--------------------------------------------------------------
     0 | Abyss:1  | Gargoyl the Demonspawn Abyssal Knight began the quest for the Orb.
     0 | Abyss:1  | Reached XP level 1. HP: 18/18 MP: 2/2
    58 | Abyss:2  | Noticed a fire bat
    89 | Abyss:3  | Noticed a large abomination
   110 | Abyss:3  | Noticed a vampire bat
   111 | Abyss:3  | Noticed a vampire bat
   111 | Abyss:3  | Noticed a vampire bat
   116 | Abyss:3  | Killed a vampire bat
   116 | Abyss:3  | Reached skill level 1 in Dodging
   116 | Abyss:3  | Gained mutation: You have sharp toenails. [demonic ancestry]
   116 | Abyss:3  | Reached XP level 2. HP: 18/25 MP: 4/4
   116 | Abyss:3  | Reached XP level 3. HP: 21/30 MP: 5/5
   117 | D:1      | Escaped the Abyss
   509 | D:1      | Reached * piety under Lugonu
   970 | D:1      | Reached XP level 4. HP: 23/37 MP: 6/6
  1681 | D:1      | Reached ** piety under Lugonu
  1962 | D:2      | Noticed Terence
  1969 | D:2      | HP: 1/37 [jackal (1)]
  2307 | D:2      | Slain by Terence

Skill      XL: |  1  2  3 |
---------------+----------+-----
Armour         | 2 |  2.7
Dodging        | 1 |  1.8
Axes           | 2 |  2.1
Fighting       | |  3.9
Stealth        | |  0.4
Invocations    | |  2.9

Action                   |  1- 3 |  4- 6 || total
-------------------------+-------+-------++-------
Melee: Hand axe          |    69 |    66 ||   135
       Kick              |     8 |    14 ||    22
Invok: Depart the Abyss  |     1 |       ||     1
  Use: Potion            |       |     1 ||     1
 Stab: Sleeping          |     1 |       ||     1
  Eat: Chunk             |       |     4 ||     4
Armor: Leather armour    |    23 |    29 ||    52
Dodge: Dodged            |    43 |    64 ||   107
